 Dungeon Crawl Stone Soup version 0.13.1-28-g3517093 (console) character file.

226 Russie the Chopper (level 4, -9/40 HPs)
             Began as a Minotaur Berserker on Mar 10, 2014.
             Was a Believer of Trog.
             Killed by divine providence
             ... invoked by an orc priest
              (15 damage)
             ... on Level 5 of the Dungeon.
             The game lasted 00:03:21 (521 turns).

Russie the Chopper (Minotaur Berserker)              Turns: 521, Time: 00:03:21

HP  -9/40        AC  9     Str 21      XL: 4   Next: 87%
MP   1/1         EV  9     Int  4      God: Trog [**....]
Gold 98          SH  0     Dex 11      Spells:  0 memorised,  3 levels left

Res.Fire  : . . .   See Invis. : +   b - +2,+1 orc war axe
Res.Cold  : . . .   Warding    : .   l - +2 orc scale mail {MR+}
Life Prot.: . . .   Conserve   : .   (no shield)
Res.Poison: .       Res.Corr.  : .   (helmet restricted)
Res.Elec. : .       Clarity    : .   (no cloak)
Sust.Abil.: . .     Spirit.Shd : .   (no gloves)
Res.Mut.  : .       Stasis     : .   (no boots)
Res.Rott. : .       Flight     : .   (no amulet)
Saprovore : . . .                    (no ring)
                                     (no ring)

@: regenerating, exhausted, slowed, very slow, very resistant to hostile
enchantments, extremely unstealthy
A: retaliatory headbutt, horns 2, see invisible, screaming 1, wild magic 1
a: Burn Spellbooks, Berserk, Trog's Hand, Renounce Religion


You were on level 5 of the Dungeon.
You worshipped Trog.
Trog was pleased with you.
You were very hungry.

You visited 1 branch of the dungeon, and saw 5 of its levels.

You collected 78 gold pieces.

Inventory:

Hand weapons
 a - a +0,+0 hand axe {=f}
 b - a +2,+1 orcish war axe (weapon)
Armour
 k - a +1 plate armour
 l - a +2 orcish scale mail of magic resistance (worn)
Comestibles
 c - a bread ration
 i - a chunk of orc flesh
 m - a beef jerky
 o - an apple
Scrolls
 f - 2 scrolls of identify {unknown}
 h - a scroll of enchant weapon I {unknown}
 j - a scroll of fear {unknown}
Potions
 e - a potion of curing {unknown}
 g - a potion of heal wounds {unknown}
 n - a potion of resistance {unknown}


   Skills:
 + Level 4.6 Fighting
 * Level 5.4 Axes
 + Level 3.7 Armour
 - Level 2.1 Dodging


You had 3 spell levels left.
You didn't know any spells.

Dungeon Overview and Level Annotations

Branches:
Dungeon (5/27)
 Temple: D:4-7

Altars:
the Shining One


Innate Abilities, Weirdness & Mutations

You reflexively headbutt those who attack you in melee.
You have a pair of horns on your head.
You have supernaturally acute eyesight.
You occasionally shout uncontrollably.
Your spells are a little harder to cast, but a little more powerful.


Message History

You feel resistant to hostile enchantments.
You feel slightly more hungry.
The orc priest hits you but does no damage.
The orc completely misses you. You furiously retaliate!
You headbutt the orc.
Drink which item? (? for menu, Esc to quit)
You feel extremely strange.
You feel less in control of your magic.
Your vision sharpens.
You feel the urge to shout.
It was a potion of mutation.
The orc priest hits you with an orcish dagger.
The orc priest calls down the wrath of Beogh upon you.
Something smites you!
* * * LOW HITPOINT WARNING * * *
The orc hits you with an orcish hand axe.
* * * LOW HITPOINT WARNING * * *
The orc priest closely misses you. You furiously retaliate!
You headbutt the orc priest!
The orc priest invokes the aid of Beogh against you.
Something smites you!
You die...

. ... ... #.# #.# #.#
#.# #
#######.#####.######
........ogoo@ooo.....
.######<#####.######
#.# # o.# oo$. ....#
#....# #.g[.# ##.#.#


You could see 2 orc priests, a gnoll and 4 orcs.

Vanquished Creatures
  An orc priest (D:5)
  An orc wizard (D:5)
  Ijyb (D:2)
  An adder (D:2)
  2 worms
  7 orcs
  A ball python (D:1)
  6 bats
  3 goblins
  A hobgoblin (D:1)
  3 giant cockroaches
  2 kobolds (D:1)
  A quokka (D:2)
  2 rats
32 creatures vanquished.

Notes
Turn   | Place    | Note
--------------------------------------------------------------
     0 | D:1      | Russie, the Minotaur Berserker, began the quest for the Orb.
     0 | D:1      | Reached XP level 1. HP: 19/19 MP: 0/0
    57 | D:1      | Reached XP level 2. HP: 8/26 MP: 0/0
    86 | D:1      | Reached skill level 4 in Axes
   281 | D:2      | Reached XP level 3. HP: 19/33 MP: 1/1
   286 | D:2      | Noticed Ijyb
   304 | D:2      | Killed Ijyb
   352 | D:2      | Acquired Trog's second power
   396 | D:4      | Reached XP level 4. HP: 40/40 MP: 1/1
   447 | D:4      | Found a glowing golden altar of the Shining One.
   506 | D:5      | Entered Level 5 of the Dungeon
   511 | D:5      | Reached skill level 5 in Axes
   521 | D:5      | Gained mutation: Your spells are a little harder to cast, but a little more powerful. [potion of mutation]
   521 | D:5      | Gained mutation: You have supernaturally acute eyesight. [potion of mutation]
   521 | D:5      | Gained mutation: You occasionally shout uncontrollably. [potion of mutation]
   521 | D:5      | Killed from afar by an orc priest

Action                   |  1- 3 |  4- 6 || total
-------------------------+-------+-------++-------
Melee: Hand axe          |    64 |       ||    64
       War axe           |       |     8 ||     8
Invok: Berserk           |     3 |     1 ||     4
       Trog's Hand       |       |     1 ||     1
  Use: Potion            |       |     1 ||     1
